 Dungeon Crawl Stone Soup version 0.31-a0-4-gefa6de2278 (webtiles) character file.

Game seed: 6151275991542455720

3950 LobsterGuardian the Cleaver (level 10, -3/90 HPs)
             Began as a Tengu Berserker on May 4, 2023.
             Was a Priest of Trog.
             Slain by a gnoll sergeant
             ... wielding a +1 spear of distortion
              (18 damage)
             ... on level 8 of the Dungeon.
             The game lasted 00:11:27 (6439 turns).

LobsterGuardian the Cleaver (Tengu Berserker)       Turns: 6439, Time: 00:11:28

Health: -3/90      AC:  7    Str: 21    XL:     10   Next: 21%
Magic:  11/11      EV: 14    Int:  7    God:    Trog [***...]
Gold:   327        SH: 11    Dex: 21    Spells: 9/9 levels left

rFire   . . .        a - +0 hand axe
rCold   . . .        s - +0 buckler
rNeg    . . .        g - +0 scale mail
rPois   .            (helmet restricted)
rElec   .            (no cloak)
rCorr   .            (no gloves)
SInv    .            (boots unavailable)
Will    .....        d - amulet of reflection Stlth
                     k - +6 ring of dexterity
HPRegen 0.35/turn    (no ring)
MPRegen 0.12/turn

%: reflection
@: berserking, flying quickly and evasively, very quick
A: beak, talons 3, nimble flight
a: Renounce Religion, Berserk, Trog's Hand


You were on level 8 of the Dungeon.
You worshipped Trog.
Trog was most pleased with you.
You visited 1 branch of the dungeon, and saw 8 of its levels.

You collected 327 gold pieces.

Inventory:

Hand Weapons
 a - a +0 hand axe (weapon)
Armour
 g - a +0 scale mail (worn)
 s - a +0 buckler (worn)
Jewellery
 d - an amulet of reflection (around neck)
 k - a +6 ring of dexterity (left hand)
Wands
 v - a wand of roots (6)
 w - a wand of digging (10)
 y - a wand of polymorph (8)
 C - a wand of quicksilver (10)
Scrolls
 b - a scroll of vulnerability
 e - 2 scrolls of magic mapping
 h - a scroll of silence {unknown}
 j - a scroll of immolation {unknown}
 p - a scroll of butterflies {unknown}
 u - a scroll of amnesia {unknown}
 A - a scroll of blinking {unknown}
 B - a scroll of torment {unknown}
Potions
 c - a potion of attraction {unknown}
 f - a potion of invisibility
 i - a potion of ambrosia
 l - a potion of degeneration {unknown}
 m - 4 potions of lignification {unknown}
 n - 4 potions of curing {unknown}
 o - 2 potions of haste {unknown}
 q - 2 potions of heal wounds {unknown}
 r - a potion of might
 t - 3 potions of cancellation {unknown}
 x - 2 potions of mutation
 z - a potion of flight


   Skills:
 + Level 6.0 Fighting
 * Level 12.5 Axes
 + Level 6.4 Armour
 + Level 4.0 Dodging
 + Level 3.9 Shields


You had 9 spell levels left.
You didn't know any spells.
Your spell library was empty.

Dungeon Overview and Level Annotations

Branches:
Dungeon (8/15)             Temple (0/1) D:4
   Lair: D:8-11

Altars:
Ashenzari
Cheibriados
Dithmenos
Fedhas
Makhleb
Okawaru
Qazlal
Sif Muna
Uskayaw
Zin
The Shining One

Shops:
D:4 :


Innate Abilities, Weirdness & Mutations

You have a beak for a mouth.
You have claws for feet.
Your magical nature lets you fly swiftly and evasively.


Message History

The centaur is heavily wounded.
The centaur barely misses you. The centaur closely misses you.
You slash the centaur!
You kill the centaur!
Trog accepts your kill.
A gnoll sergeant is nearby!
You see here a +0 shortbow.
A gnoll sergeant is nearby!
j - a scroll labelled GUACVI UTITYDGH You recover from your berserk rage.
Found a shadowy altar of Dithmenos.
A gnoll sergeant is nearby!
A gnoll sergeant is nearby!
Found 23 gold pieces.
A gnoll sergeant is nearby!
The gnoll sergeant completely misses you.
You hit the gnoll sergeant but do no damage.
You peck the gnoll sergeant, but do no damage.
The gnoll sergeant is lightly wounded.
The gnoll sergeant barely misses you.
You hit the gnoll sergeant but do no damage.
You claw the gnoll sergeant, but do no damage.
The gnoll sergeant is lightly wounded.
You hit the gnoll sergeant. You claw the gnoll sergeant.
The gnoll sergeant is moderately wounded.
You block the gnoll sergeant's attack.
You hit the gnoll sergeant but do no damage.
You claw the gnoll sergeant. Your peck misses the gnoll sergeant.
The gnoll sergeant is heavily wounded.
The gnoll sergeant hits you with a +1 spear of distortion.
Space warps horribly around you!!
* * * LOW HITPOINT WARNING * * *
You are too injured to fight recklessly!
You don't know any spells.
A red film seems to cover your vision as you go berserk!
You feel yourself moving faster!
You feel mighty!
The gnoll sergeant hits you with a +1 spear of distortion!
* * * LOW HITPOINT WARNING * * *
Space warps horribly around you!!
You die...

#..# #....# #..##
##...## ...
##§..§§#
#.###§...§§§
#####.##§§...§§ ##
#......§§.§..§§§
#$##.####.§§§§§§§§§
#.#g# #..§....§§§
#.@# ###§§§..§§
##.## ##§§§.§§ ##.#
§.§ #.## .# #.# .
#.# #.# #. #


You could see a gnoll sergeant.

Vanquished Creatures
  Pikel (D:6)
  Psyche (D:8)
  A troll (D:7)
  A wyvern (D:6)
  A yak (D:6)
  6 water moccasins
  2 ice beasts
  2 black bears
  3 ogres
  2 centaurs
  2 phantoms
  A kobold brigand (D:7)
  3 bullfrogs
  A scorpion (D:6)
  3 howler monkeys
  3 hounds
  2 jellies (D:5)
  2 orc priests
  A gnoll bouda (D:8)
  A sleepcap (D:7)
  2 iguanas
  Terence (D:2)
  5 orc wizards
  9 adders
  6 gnolls (D:8)
  A white imp (D:6)
  2 ufetubi
  2 dart slugs
  28 orcs
  4 bats
  5 endoplasms
  3 giant cockroaches (D:1)
  17 goblins
  9 hobgoblins
  7 kobolds
  7 quokkas
  6 ball pythons
  5 frilled lizards
  5 rats
163 creatures vanquished.

Notes
Turn   | Place    | Note
-------+----------+-------------------------------------------
     0 | D:1      | LobsterGuardian the Tengu Berserker began the quest for the
                  | Orb.
     0 | D:1      | Reached XP level 1. HP: 14/14 MP: 2/2
   192 | D:1      | Reached XP level 2. HP: 17/19 MP: 3/3
   570 | D:1      | Reached XP level 3. HP: 22/23 MP: 4/4
   736 | D:2      | Reached skill level 4 in Axes
   814 | D:2      | Found a burning altar of Makhleb.
   950 | D:2      | Reached ** piety under Trog
   951 | D:2      | Reached XP level 4. HP: 25/28 MP: 5/5
  1053 | D:2      | Noticed Terence
  1060 | D:2      | Killed Terence
  1154 | D:2      | Reached skill level 5 in Axes
  1852 | D:3      | Gained mutation: Your magical nature lets you fly swiftly
                  | and evasively. [Tengu growth]
  1852 | D:3      | Reached XP level 5. HP: 33/33 MP: 6/6
  2226 | D:3      | Found a faded altar of an unknown god.
  2445 | D:3      | Identified the +8 shortbow of Wyrd {heavy, rC+ Int+4}
  2640 | D:4      | Found Uhoahuf's Book Boutique.
  2663 | D:4      | Found a staircase to the Ecumenical Temple.
  2744 | D:4      | Found a blossoming altar of Fedhas.
  2751 | D:4      | Reached skill level 6 in Axes
  2756 | D:4      | Reached XP level 6. HP: 36/38 MP: 7/7
  2970 | D:4      | Found a broken altar of Ashenzari.
  3469 | D:4      | You are sucked into a shaft and drop 1 floor!
  3469 | D:5      | Entered Level 5 of the Dungeon
  3502 | D:5      | Noticed an ice beast
  3507 | D:5      | Killed an ice beast
  3508 | D:5      | Reached skill level 7 in Axes
  3508 | D:5      | Reached XP level 7. HP: 44/44 MP: 8/8
  3595 | D:5      | Reached skill level 1 in Shields
  3789 | D:5      | Reached skill level 8 in Axes
  3796 | D:5      | Reached XP level 8. HP: 45/48 MP: 9/9
  3932 | D:5      | Found a stormy altar of Qazlal.
  3932 | D:5      | Found a glowing golden altar of the Shining One.
  3937 | D:5      | Found a snail-covered altar of Cheibriados.
  3940 | D:5      | Found a shimmering blue altar of Sif Muna.
  3942 | D:5      | Found an iron altar of Okawaru.
  3947 | D:5      | Found a hide-covered altar of Uskayaw.
  4156 | D:5      | Found a glowing silver altar of Zin.
  4532 | D:5      | Reached skill level 9 in Axes
  4945 | D:6      | Noticed Pikel
  4954 | D:6      | Killed Pikel
  4955 | D:6      | Reached skill level 5 in Fighting
  4955 | D:6      | Reached skill level 10 in Axes
  4955 | D:6      | Reached skill level 5 in Armour
  4955 | D:6      | Reached XP level 9. HP: 54/54 MP: 10/10
  5108 | D:6      | Reached *** piety under Trog
  5289 | D:6      | Reached skill level 11 in Axes
  5296 | D:6      | Identified the +3 arbalest "Ogrebane" {drain, Str+2}
  5504 | D:7      | Noticed a troll
  5689 | D:7      | Killed a troll
  5690 | D:7      | Reached skill level 12 in Axes
  5690 | D:7      | Reached XP level 10. HP: 54/60 MP: 11/11
  6357 | D:8      | Noticed Psyche
  6373 | D:8      | Killed Psyche
  6412 | D:8      | Found a shadowy altar of Dithmenos.
  6439 | D:8      | Slain by a gnoll sergeant

Illustrated notes

Levels and vault maps discovered:
D:1:      dpeg_chamrin_arrival_tetris, layout_loops_ring, grunt_decor_fettered
D:2:      cheibrodos_greedy_goblins, layout_basic, basic_altar, uniq_terence
D:3:      layout_loops_corners, shapermc_ecumenical_altar_venn,
          minmay_misc_feat_roman
D:4:      layout_basic, cheibrodos_ashenzari_chains,
          mainiacjoe_overflow_24_doors, temple_fountains, serial_shops, shop
D:5:      layout_layer_cave, nicolae_overflow_hallway_of_the_gods,
          marbit_many_paths, hangedman_decor_riveting
D:6:      layout_rooms, minmay_small_thing, uniq_pikel
D:7:      layout_cave_pods
D:8:      minmay_clustersquares, layout_loops_ring,
          nicolae_dithmenos_the_darkroom, makhleb_altar_promises_db,
          serial_shops, nicolae_shop_waterfront, uniq_prince_ribbit1,
          uniq_psyche

Skill      XL: |  1  2  3  4  5  6  7  8  9 10 |
---------------+-------------------------------+-----
Axes           | 4 5 6 7 8 10 12 | 12.5
Fighting       | 4 5 6 |  6.0
Dodging        | 3 4 |  4.0
Armour         | 3 5 6 |  6.4
Shields        | 1 2 3 |  3.9

Action                     |  1- 3 |  4- 6 |  7- 9 | 10-12 || total
---------------------------+-------+-------+-------+-------++-------
  Melee: Hand axe          |    77 |   123 |   150 |    57 ||   407
         Kick              |    11 |    36 |    51 |    23 ||   121
         Peck              |    10 |    19 |    45 |    10 ||    84
 Invoke: Berserk           |       |     6 |     9 |     2 ||    17
    Use: Scroll            |     1 |     3 |     4 |     3 ||    11
 Armour: Animal skin       |     3 |       |       |       ||     3
         Scale mail        |     5 |    29 |    21 |     6 ||    61
  Dodge: Dodged            |    40 |    45 |    44 |    14 ||   143
  Block: Other             |     6 |     9 |       |       ||    15
         Buckler           |       |    34 |    68 |    30 ||   132
         Reflection        |       |     2 |     3 |       ||     5

Table legend: (Time is in decaauts)
 A = Elapsed time spent in this place.
 B = Non-inter-level travel time spent in this place.
 C = Inter-level travel time spent in this place.
 D = Time resting spent in this place.
 E = Time spent auto-exploring this place.
 F = Levels seen in this place.
 G = Mean time per level.
                   A        B        C        D        E       F      G
               +--------+--------+--------+--------+--------+-----+--------+
         Total |   6260 |   6008 |    252 |    546 |   4463 |   8 |  782.5 |
       Dungeon |   6260 |   6008 |    252 |    546 |   4463 |   8 |  782.5 |
               +--------+--------+--------+--------+--------+-----+--------+

Top non-repeatable levels by time:
     D:5: 1333 daAuts
     D:2: 1024 daAuts
     D:3: 947 daAuts
     D:7: 899 daAuts
     D:4: 799 daAuts
     D:1: 722 daAuts
     D:6: 355 daAuts
     D:8: 177 daAuts
